 Dungeon Crawl Stone Soup version 0.26-a0-662-g8b9c6dab81 (webtiles) character file.

Game seed: 17805121570549128107

2127 jiml777 the Magician (level 9, -5/67 (69) HPs)
             Began as a Gnoll Warper on Oct 9, 2020.
             Was an Initiate of Gozag.
             Hit by a boomerang thrown by an orc warrior (14 damage)
             ... on level 7 of the Dungeon.
             The game lasted 00:33:15 (8235 turns).

jiml777 the Magician (Gnoll Warper)                 Turns: 8235, Time: 00:33:15

HP:   -5/67 (69)    AC: 13    Str: 14    XL:     9   Next: 29%
MP:   18/18         EV: 12    Int: 25    God:    Gozag
Gold: 969           SH:  0    Dex: 14    Spells: 16/21 levels left

rFire    + . .     SeeInvis .   t - +1 dagger (elec)
rCold    . . .     Faith    .   (no shield)
rNeg     . . .     Spirit   .   F - +0 scale mail
rPois    .         Reflect  .   G - +2 helmet
rElec    .         Harm     .   q - +2 cloak
rCorr    .         Rampage  .   (no gloves)
MR       .....                  (no boots)
Stlth    +.........             (no amulet)
HPRegen  0.21/turn              C - +6 ring of intelligence
MPRegen  0.16/turn              i - ring of protection from fire

@: gold aura
A: distributed training, fangs 1, strong nose
a: Potion Petition, Call Merchant, Bribe Branch, Renounce Religion


You were on level 7 of the Dungeon.
You worshipped Gozag.
Gozag was pleased with you.
You visited 1 branch of the dungeon, and saw 7 of its levels.

You collected 1025 gold pieces.
You paid 56 gold pieces to Gozag.

Inventory:

Hand Weapons
 a - a +0 spear
 c - a +0 hand crossbow
 t - a +1 dagger of electrocution (weapon)
 w - a +3 whip of draining
 E - a +0 vorpal quarterstaff
 I - a +3 vorpal battleaxe
Missiles
 e - 3 boomerangs of dispersal (quivered)
 f - 31 bolts
 h - a throwing net
 p - 5 boomerangs
 r - 7 javelins
 y - 60 arrows
Armour
 b - a +0 leather armour
 k - a +0 ring mail
 q - a +2 cloak (worn)
 F - a +0 scale mail (worn)
 G - a +2 helmet (worn)
Magical Staves
 H - a cursed staff of air
Jewellery
 i - a ring of protection from fire (right hand)
 j - an uncursed ring of stealth
 v - an uncursed ring of see invisible
 C - a +6 ring of intelligence (left hand)
Wands
 m - a wand of random effects (23)
 u - a wand of digging (3)
 D - a wand of iceblast (6)
Scrolls
 d - a scroll of blinking
 n - 3 scrolls of remove curse
 z - 2 scrolls of fear
 A - a scroll of amnesia
 B - a scroll of teleportation
Potions
 g - a potion of magic
 l - 2 potions of might
 o - 2 potions of mutation
 s - 2 potions of brilliance
 x - 3 potions of lignification
 J - a potion of heal wounds {unknown}


   Skills:
 + Level 6.2 Fighting
 + Level 4.1 Short Blades
 + Level 4.1 Long Blades
 + Level 4.1 Axes
 + Level 4.1 Maces & Flails
 + Level 6.2 Polearms
 + Level 4.1 Staves
 + Level 4.1 Slings
 + Level 4.1 Bows
 + Level 4.1 Crossbows
 + Level 4.9 Throwing
 + Level 4.9 Armour
 + Level 6.2 Dodging
 + Level 4.1 Stealth
 + Level 4.1 Shields
 + Level 4.1 Unarmed Combat
 + Level 6.5 Spellcasting
 + Level 3.3 Conjurations
 + Level 3.3 Hexes
 + Level 3.3 Summonings
 + Level 3.3 Necromancy
 + Level 6.5 Translocations
 + Level 3.3 Transmutations
 + Level 3.3 Fire Magic
 + Level 3.3 Ice Magic
 + Level 3.3 Air Magic
 + Level 3.3 Earth Magic
 + Level 3.3 Poison Magic
 + Level 4.5 Invocations
 + Level 4.1 Evocations


You had 16 spell levels left.
You knew the following spells:

 Your Spells              Type           Power        Failure   Level
a - Blink                 Tloc           N/A          2%          2
b - Teleport Other        Tloc           #####...     5%          3

Your spell library contained the following spells:

 Spells                   Type           Power        Failure   Level
 Gell's Gravitas          Tloc           #####.....   5%          3
 Lesser Beckoning         Tloc           #####.....   5%          3
 Magic Dart               Conj           ####         7%          1
 Call Imp                 Summ           ####....     10%         2
 Slow                     Hex            ####....     10%         2
 Passage of Golubria      Tloc           N/A          19%         4
 Confusing Touch          Hex            ####....     21%         3
 Conjure Flame            Conj/Fire      ####....     21%         3
 Mephitic Cloud           Conj/Pois/Air  ####....     21%         3
 Petrify                  Tmut/Erth      ####....     54%         4
 Metabolic Englaciation   Hex/Ice        ####......   88%         5
 Yara's Violent Unravell  Hex/Tmut       ####......   88%         5


Dungeon Overview and Level Annotations

Branches:
Dungeon (7/15)
 Temple: D:4-7

Altars:
Elyvilon
Gozag
Kikubaaqudgha
Nemelex Xobeh
Qazlal
Yredelemnul

Shops:
D:6 *(=

Annotations:
D:4 3 runed translucent doors, GoodGuyCap's ghost, novice HOMo


Innate Abilities, Weirdness & Mutations

Your experience applies equally to all skills.
You have very sharp teeth.
Your uncanny sense of smell can sniff out nearby items.


Message History

The orc warrior hits you with a +0 vampiric trident!
* * * LOW HITPOINT WARNING * * *
You hit the orc priest.
Lightning courses through the orc priest!
You kill the orc priest!
The white imp becomes distracted by the nearby gold, dreaming of imaginary riches.
The orc warrior hits you from afar with a +0 vampiric trident.
* * * LOW HITPOINT WARNING * * *
The orc hits you with a +0 mace.
* * * LOW HITPOINT WARNING * * *
The orc warrior throws a boomerang.
The boomerang hits you but does no damage.
The weapon returns to the orc warrior!
The white imp is no longer distracted by gold.
The white imp lashes its tail.
The orc warrior throws a boomerang.
The boomerang misses you.
The weapon returns to the orc warrior!
The orc warrior throws a boomerang.
The boomerang hits you!
You die...
Your body crumbles into a pile of gold.

#......#......
#$...###...(<.
#..?.# #....#
#o...# ...(. #....#
...####
#...5##...'...
#.......).#
#....o....####
###..@........
###...............
#......##.........#
#........#####
#...# #....#...#
#....## #....#...#
#....# #........#
#...# ##.......#
#..# #.......# #.'


You could see an orc warrior, a white imp and an orc.

Vanquished Creatures
  Sigmund (D:3)
  A water moccasin (D:6)
  An orc warrior (D:6)
  A sky beast (D:7)
  A necrophage (D:7)
  An ogre (D:7)
  A centaur (D:7)
  A bullfrog (D:7)
  A wyvern zombie (D:6)
  A water moccasin zombie (D:7)
  6 killer bees (D:6)
  A wight (D:7)
  A bullfrog zombie (D:7)
  A centaur zombie (D:5)
  8 orc wizards
  4 orc priests (D:7)
  3 hounds
  2 iguanas
  5 worker ants
  2 killer bee zombies
  A hound skeleton (D:4)
  A worker ant zombie (D:7)
  4 gnolls (D:4)
  7 adders
  2 adder skeletons (D:5)
  3 worms
  A dart slug (D:3)
  8 leopard geckos
  29 orcs
  4 bats
  3 giant cockroaches
  A goblin (D:1)
  6 hobgoblins
  4 jackals
  A quokka (D:6)
  7 frilled lizards
  A jackal skeleton (D:4)
  9 kobolds
  A leopard gecko skeleton (D:7)
  6 rats
  A spectral orc (D:3)
143 creatures vanquished.

Notes
Turn   | Place    | Note
-------+----------+-------------------------------------------
     0 | D:1      | jiml777 the Gnoll Warper began the quest for the Orb.
     0 | D:1      | Reached XP level 1. HP: 20/20 MP: 6/6
    42 | D:1      | HP: 1/20 [jackal (2)]
   423 | D:1      | Reached XP level 2. HP: 14/26 MP: 7/7
  1213 | D:2      | Reached skill level 5 in Spellcasting
  1213 | D:2      | Reached XP level 3. HP: 28/31 MP: 7/9
  1380 | D:2      | Reached skill level 1 in Invocations
  1705 | D:2      | Reached skill level 1 in Short Blades
  1705 | D:2      | Reached skill level 1 in Long Blades
  1705 | D:2      | Reached skill level 1 in Axes
  1705 | D:2      | Reached skill level 1 in Maces & Flails
  1705 | D:2      | Reached skill level 1 in Staves
  1705 | D:2      | Reached skill level 1 in Slings
  1705 | D:2      | Reached skill level 1 in Bows
  1705 | D:2      | Reached skill level 1 in Crossbows
  1705 | D:2      | Reached skill level 1 in Stealth
  1705 | D:2      | Reached skill level 1 in Shields
  1705 | D:2      | Reached skill level 1 in Unarmed Combat
  1705 | D:2      | Reached skill level 1 in Evocations
  2241 | D:3      | Reached XP level 4. HP: 38/38 MP: 11/11
  2266 | D:3      | Found a stormy altar of Qazlal.
  2298 | D:3      | Reached skill level 1 in Conjurations
  2298 | D:3      | Reached skill level 1 in Hexes
  2298 | D:3      | Reached skill level 1 in Summonings
  2298 | D:3      | Reached skill level 1 in Necromancy
  2298 | D:3      | Reached skill level 1 in Transmutations
  2298 | D:3      | Reached skill level 1 in Fire Magic
  2298 | D:3      | Reached skill level 1 in Ice Magic
  2298 | D:3      | Reached skill level 1 in Air Magic
  2298 | D:3      | Reached skill level 1 in Earth Magic
  2298 | D:3      | Reached skill level 1 in Poison Magic
  2324 | D:3      | Noticed Sigmund
  2561 | D:3      | Killed Sigmund
  2561 | D:3      | Reached XP level 5. HP: 11/43 MP: 12/12
  2561 | D:3      | Reached XP level 6. HP: 12/50 MP: 14/14
  3119 | D:3      | Found a basalt altar of Yredelemnul.
  3290 | D:4      | Reached skill level 5 in Fighting
  3290 | D:4      | Reached skill level 5 in Polearms
  3290 | D:4      | Reached skill level 5 in Dodging
  3400 | D:4      | Found a white marble altar of Elyvilon.
  3485 | D:4      | Found a sparkling altar of Nemelex Xobeh.
  3485 | D:4      | Found an opulent altar of Gozag.
  3491 | D:4      | Became a worshipper of Gozag Ym Sagoz the Greedy
  3572 | D:4      | Reached XP level 7. HP: 56/56 MP: 15/15
  3632 | D:4      | Found a runed translucent gate.
  3633 | D:4      | Found a runed translucent gate.
  3639 | D:4      | Found a runed translucent gate.
  3652 | D:4      | Noticed GoodGuyCap's ghost (novice HOMo)
  4168 | D:5      | Entered Level 5 of the Dungeon
  4427 | D:5      | Learned a level 2 spell: Blink
  4431 | D:5      | Learned a level 3 spell: Teleport Other
  5123 | D:6      | Found Rianodou's Weapon Shop.
  5126 | D:6      | Found Piecast's Jewellery Shop.
  5340 | D:6      | Found Xearr's Assorted Antiques.
  5485 | D:6      | Reached XP level 8. HP: 30/63 MP: 16/16
  5525 | D:6      | HP: 3/63 [poisoned by a water moccasin]
  6651 | D:6      | Found an ancient bone altar of Kikubaaqudgha.
  7641 | D:7      | Reached XP level 9. HP: 69/69 MP: 18/18
  8235 | D:7      | Hit by a boomerang thrown by an orc warrior

Illustrated notes

Levels and vault maps discovered:
D:1:      onia_arrival_mini_spirals, layout_rooms
D:2:      layout_basic
D:3:      layout_basic, yredelemnul_forgotten_temple_becter,
          lemuel_crystal_altar, uniq_sigmund
D:4:      layout_loops_ring, grunt_temple_overflow_opulence,
          gammafunk_ghost_necromancy, elyvilon_altar_5
D:5:      layout_gridville
D:6:      layout_basic, basic_altar, serial_shops, nicolae_shop_waterfront,
          shop, shop_coins, kennysheep_generic_room_5
D:7:      minmay_the_grid_octo_tiled_octocenter
          [minmay_the_grid_octo_fan_narrow, minmay_the_grid_octo_77,
          minmay_the_grid_octo_toaster, minmay_the_grid_octo_empty,
          minmay_the_grid_octo_prize_square_snowflake,
          minmay_the_grid_square_5x5_v, minmay_the_grid_square_5x5_seven,
          minmay_the_grid_square_5x5_minimal,
          minmay_the_grid_square_5x5_longway], layout_basic

Skill      XL: |  1  2  3  4  5  6  7  8  9 |
---------------+----------------------------+-----
Spellcasting   | 5 6 |  6.5
Invocations    | 1 2 3 4 |  4.5
Short Blades   | 1 2 3 4 |  4.1
Long Blades    | 1 2 3 4 |  4.1
Axes           | 1 2 3 4 |  4.1
Maces & Flails | 1 2 3 4 |  4.1
Staves         | 1 2 3 4 |  4.1
Slings         | 1 2 3 4 |  4.1
Bows           | 1 2 3 4 |  4.1
Crossbows      | 1 2 3 4 |  4.1
Stealth        | 1 2 3 4 |  4.1
Shields        | 1 2 3 4 |  4.1
Unarmed Combat | 1 2 3 4 |  4.1
Evocations     | 1 2 3 4 |  4.1
Conjurations   | 1 2 3 |  3.3
Hexes          | 1 2 3 |  3.3
Summonings     | 1 2 3 |  3.3
Necromancy     | 1 2 3 |  3.3
Transmutations | 1 2 3 |  3.3
Fire Magic     | 1 2 3 |  3.3
Ice Magic      | 1 2 3 |  3.3
Air Magic      | 1 2 3 |  3.3
Earth Magic    | 1 2 3 |  3.3
Poison Magic   | 1 2 3 |  3.3
Throwing       | 3 4 |  4.9
Armour         | 3 4 |  4.9
Fighting       | 5 6 |  6.2
Polearms       | 5 6 |  6.2
Dodging        | 5 6 |  6.2
Translocations | 6 |  6.5

Action                   |  1- 3 |  4- 6 |  7- 9 || total
-------------------------+-------+-------+-------++-------
Melee: Spear             |   147 |     8 |       ||   155
       Bite              |     6 |    13 |    38 ||    57
       Dagger            |       |   107 |   325 ||   432
       Punch             |       |     1 |     7 ||     8
       Quarterstaff      |       |       |    86 ||    86
Throw: Boomerang         |       |       |     2 ||     2
  Use: Scroll            |       |    10 |     7 ||    17
       Potion            |       |     1 |     2 ||     3
 Stab: Sleeping          |     5 |     4 |       ||     9
       Distracted        |       |       |     2 ||     2
Armor: Leather armour    |    16 |       |       ||    16
       Ring mail         |    11 |    39 |    16 ||    66
       Scale mail        |       |       |   135 ||   135
Dodge: Dodged            |    96 |    52 |   237 ||   385

Table legend: (Time is in decaauts)
 A = Elapsed time spent in this place.
 B = Non-inter-level travel time spent in this place.
 C = Inter-level travel time spent in this place.
 D = Time resting spent in this place.
 E = Time spent auto-exploring this place.
 F = Levels seen in this place.
 G = Mean time per level.
                   A        B        C        D        E       F      G
               +--------+--------+--------+--------+--------+-----+--------+
         Total |   8142 |   7996 |    146 |   2592 |   2651 |   7 | 1163.1 |
       Dungeon |   8142 |   7996 |    146 |   2592 |   2651 |   7 | 1163.1 |
               +--------+--------+--------+--------+--------+-----+--------+

Top non-repeatable levels by time:
     D:6: 1924 daAuts
     D:2: 1229 daAuts
     D:5: 1088 daAuts
     D:3: 1067 daAuts
     D:7: 997 daAuts
     D:1: 961 daAuts
     D:4: 874 daAuts
